 Dungeon Crawl Stone Soup version 0.22-a0-407-gb098539 (webtiles) character file.

76 dstrtnsr the Chopper (level 4, -1/41 HPs)
             Began as a Hill Orc Berserker on May 9, 2018.
             Was a Follower of Trog.
             Slain by Pikel
             ... wielding a +1 whip of freezing
              (2 damage)
             ... on level 4 of the Dungeon.
             The game lasted 00:01:20 (566 turns).

dstrtnsr the Chopper (Hill Orc Berserker)            Turns: 566, Time: 00:01:20

Health: -1/41      AC:  6    Str: 20    XL:     4   Next: 32%
Magic:  4/4        EV: 11    Int:  7    God:    Trog [*.....]
Gold:   47         SH:  0    Dex: 10    Spells: 3/3 levels left

rFire    . . .     SeeInvis .   a - +1 hand axe
rCold    . . .     Gourm    .   (no shield)
rNeg     . . .     Faith    .   l - +0 acid dragon scales
rPois    .         Spirit   .   (no helmet)
rElec    .         Reflect  .   (no cloak)
rCorr    +         Harm     .   (no gloves)
MR       .....                  (no boots)
Stlth    +.........             (no amulet)
HPRegen  0.13/turn              (no ring)
MPRegen  0.09/turn              (no ring)

@: no status effects
A: no striking features
a: Berserk, Renounce Religion


You were on level 4 of the Dungeon.
You worshipped Trog.
Trog was aware of your devotion.
You were not hungry.

You visited 1 branch of the dungeon, and saw 4 of its levels.

You collected 47 gold pieces.

Inventory:

Hand Weapons
 a - a +1 hand axe (weapon)
Armour
 l - +0 acid dragon scales (worn)
Scrolls
 b - a scroll of enchant weapon
 h - a scroll of magic mapping {unknown}
 j - a scroll of immolation {unknown}
 k - a scroll of noise {unknown}
 n - 2 scrolls of fog
Potions
 c - a potion of brilliance
 f - a potion of agility
 g - a potion of cancellation {unknown}
 m - a potion of ambrosia {unknown}
Comestibles
 e - 3 rations {!d}
 i - a chunk of flesh


   Skills:
 + Level 4.5 Fighting
 * Level 5.9 Axes
 - Level 2.1 Armour
 - Level 1.5 Dodging


You had 3 spell levels left.
You didn't know any spells.

Dungeon Overview and Level Annotations

Branches:
Dungeon (5/15)             Temple (0/1) D:4

Altars:

Shops:
D:4 [

Annotations:
D:4 Pikel


Message History

You feel the power of Trog in you as your rage grows.
You kill the jackal!
Trog accepts your kill. The jackal closely misses you.
You slash the jackal!
You kill the jackal!
Trog accepts your kill.
No target in view!
No target in view!
No target in view!
No target in view!
There isn't anything here!
You feel a strong urge to attack something.
b - 2 scrolls labeled SIXTIE ZE XILA (gained 1)
There isn't anything here!
There isn't anything here!
You don't know any spells.
There are no items here.
You feel your anger nearly subside.
You are no longer berserk.
You are exhausted.
You feel yourself slow down.
You see here a jackal corpse.
There are no objects that can be picked up here. a jackal corpse Unknown command.
There isn't anything here!
Eating one of 2 chunks of flesh.
You eat one of the 2 chunks of flesh.
This raw flesh tastes terrible.
Unknown command.
As you read the scroll labeled LAENLI XIFYS, it crumbles to dust.
It is a scroll of identify.
c - a potion of brilliance
As you read the scroll labeled AKESIT DANUCUH, it crumbles to dust.
The scroll dissolves into smoke.
It was a scroll of fog.
As you read the scroll labeled SIXTIE ZE XILA, it crumbles to dust.
It is a scroll of enchant weapon.
Your +0 hand axe glows red for a moment.
As you read the scroll of identify {@r1}, it crumbles to dust.
f - a potion of agility
There is a stone staircase leading down here.
You climb downwards.
A gnoll, an orc, 3 slaves and Pikel come into view.
Pikel is wielding a whip of freezing.
Pikel shouts!
The slave shouts! x3; The gnoll shouts!
You hear a shout! x3
You hear a howl!
There is a stone staircase leading up here.
Unknown command.
The slave hits you. Pikel hits you with a whip of freezing! Pikel freezes you.
You climb upwards.
There is a stone staircase leading down here.
Unknown command.
Pikel hits you with a whip of freezing. Pikel freezes you.
Found Bukusom's Antique Armour Shop.
Pikel barely misses you.
You feel yourself speed up.
There is an entrance to Bukusom's Antique Armour Shop here.
You're still recovering from your berserk rage.
You hit Pikel.
Pikel is lightly wounded.
Pikel barely misses you.
You barely miss Pikel.
Pikel is lightly wounded.
Pikel hits you but does no damage.
You hit Pikel.
Pikel is lightly wounded.
Pikel hits you with a whip of freezing. Pikel freezes you.
You barely miss Pikel.
Pikel is lightly wounded.
Pikel barely misses you.
You hit Pikel but do no damage.
Pikel is lightly wounded.
Pikel misses you.
You completely miss Pikel.
Pikel is lightly wounded.
Pikel hits you but does no damage.
You hit Pikel but do no damage.
Pikel is lightly wounded.
Pikel hits you but does no damage.
You barely miss Pikel.
Pikel is lightly wounded.
Pikel hits you with a whip of freezing. Pikel freezes you.
* * * LOW HITPOINT WARNING * * *
Okay, then.
Found 21 stones.
You recover from your berserk rage.
An iguana comes into view.
Found a stone staircase leading up.
The iguana bites you but does no damage.
You hit the iguana but do no damage. You hit Pikel. The iguana bites you!
* * * LOW HITPOINT WARNING * * *
Pikel barely misses you.
You hit the iguana.
The iguana is lightly wounded.
You miss Pikel. The iguana bites you.
* * * LOW HITPOINT WARNING * * *
Pikel waves his whip at you. Pikel hits you with a whip of freezing.
* * * LOW HITPOINT WARNING * * *
Pikel freezes you.
You die...

# .[....#§...........# #####
..... #.......#....# ....#
..... #.......#.#### ###.# ....
#.......#∩# ....# ....
+.......#.# ....#
#.#.......#p####### ....##
.....###.........
.....########.###p.###..##.....
.....#.........l@K.............
.....#.....<#.########.........
.....#..### ...##.....
.....#.... ##..# .(...
#....#..###+### #..# ###
.....#..#.....# #..#
........#.⌠.⌠.# #..#
####.#..'..>..+ ..#
#[#.##.⌠.⌠.#


You could see Pikel, a slave and an iguana.

Vanquished Creatures
  A centaur skeleton (D:4)
  A worker ant (D:4)
  An adder (D:2)
  A worm (D:4)
  A dart slug (D:1)
  4 jackals (D:4)
  A kobold (D:2)
  A quokka (D:4)
  2 frilled lizards
  A quokka skeleton (D:4)
  A rat (D:1)
15 creatures vanquished.

Notes
Turn   | Place    | Note
-------+----------+-------------------------------------------
     0 | D:1      | dstrtnsr the Hill Orc Berserker began the quest for the Orb.
     0 | D:1      | Reached XP level 1. HP: 19/19 MP: 1/1
    91 | D:2      | Reached XP level 2. HP: 27/27 MP: 2/2
   123 | D:2      | You fall through a shaft for 2 floors!
   141 | D:4      | Found a staircase to the Ecumenical Temple.
   161 | D:4      | Reached skill level 5 in Axes
   161 | D:4      | Reached XP level 3. HP: 23/33 MP: 3/3
   403 | D:4      | Reached XP level 4. HP: 41/41 MP: 4/4
   538 | D:5      | Entered Level 5 of the Dungeon
   538 | D:5      | Noticed Pikel
   538 | D:5      | Noticed a slave
   538 | D:5      | Noticed a slave
   538 | D:5      | Noticed a slave
   541 | D:4      | Found Bukusom's Antique Armour Shop.
   554 | D:4      | HP: 15/41 [Pikel/whip of freezing (6)]
   565 | D:4      | HP: 6/41 [iguana (8)]
   566 | D:4      | HP: 1/41 [Pikel/whip of freezing (4)]
   566 | D:4      | Slain by Pikel

Vault maps used:
D:1:      minmay_arrival_four_houses
D:2:      fedhas_altar_1, uniq_sigmund, uniq_crazy_yiuf_cottage
D:4:      kennysheep_slug_shrine, gammafunk_temple_overflow_wave,
          minmay_temple_entry_hall, serial_shops, shop
D:5:      lemuel_coloured_pillars_altar, kennysheep_mini, first_ration,
          corexii_checkpoint_a, uniq_blork_the_orc, uniq_menkaure, uniq_pikel

Skill      XL: |  1  2 |
---------------+-------+-----
Fighting       | 4 |  4.5
Axes           | 5 |  5.9
Armour         | |  2.1
Dodging        | |  1.5

Action                   |  1- 3 |  4- 6 || total
-------------------------+-------+-------++-------
Melee: Hand axe          |    27 |    17 ||    44
Invok: Berserk           |     4 |     1 ||     5
  Use: Scroll            |       |     4 ||     4
  Eat: Chunk             |     1 |     2 ||     3
Armor: Acid dragon scale |     1 |     5 ||     6
Dodge: Dodged            |    16 |    12 ||    28

Table legend:
 A = Spawn XP
 B = Non-spawn XP
 C = Spawn XP percentage of total XP
 D = Spawn monster count
 E = Non-spawn monster count
 F = Spawn count percentage of total count
 G = Total turns spent on level
                    A         B        C        D         E        F      G
               +---------+---------+-------+---------+---------+-------+---------
         Total |       0 |     109 |   0.0 |       0 |      15 |   0.0 |   566
               +---------+---------+-------+---------+---------+-------+---------
           D:1 |       0 |       6 |   0.0 |       0 |       3 |   0.0 |    74
           D:2 |       0 |      16 |   0.0 |       0 |       3 |   0.0 |    49
           D:4 |       0 |      87 |   0.0 |       0 |       9 |   0.0 |   441
               +---------+---------+-------+---------+---------+-------+---------
